 Dungeon Sprint DCSS version 0.20.1-1-g8b1a95d (webtiles) character file.

4054 inmateoo the Spear-Bearer (level 10, -1/79 (83) HPs)
             Began as a Demonspawn Gladiator on Sept 6, 2017.
             Was the Champion of Cheibriados.
             Killed by a guardian mummy's death curse (26 damage)
             ... in the Dungeon (Sprint V: "Ziggurat Sprint").
             The game lasted 00:03:33 (684 turns).

inmateoo the Spear-Bearer (Demonspawn Gladiator)     Turns: 684, Time: 00:03:34

HP:   -1/79 (83)    AC: 29    Str: 49    XL:     10   Next: 4%
MP:   7/18          EV:  7    Int: 24    God:    Cheibriados [******]
Gold: 0             SH: 25    Dex: 32    Spells: 18/19 levels left

rFire    + + +     SeeInvis .   l - +8 lance "Wyrmbane" {slay drac, rPois rF+ rC+ AC+3}
rCold    + + .     Gourm    .   b - +3 large shield
rNeg     . . .     Faith    .   a - +5 gold dragon scales
rPois    +         Spirit   .   c - +0 helmet
rElec    .         Reflect  .   (no cloak)
rCorr    .         Harm     .   K - +2 pair of gloves {Str+3}
MR       .....     NoTele   +   (no boots)
Stlth    ..........             (no amulet)
Regen    0.0/turn               H - ring "Rapul" {rF+ Str+7 Dex+2}
MPRegen  0.2/turn               q - +6 ring of strength

@: lethally poisoned (-1 -> -15), non-regenerating, diseased, slowed, studying
Air Magic, very slow
A: claws 2, demonic guardian 1, nightstalker 1
a: Bend Time, Temporal Distortion, Slouch, Step From Time, Renounce Religion


You were in the Dungeon.
You worshipped Cheibriados.
Cheibriados was exalted by your worship.
You were not hungry.

You visited 1 branch

Inventory:

Hand Weapons
 l - the +8 lance "Wyrmbane" (weapon) {slay drac, rPois rF+ rC+ AC+3}
   (You found it in the Dungeon)

   It affects your AC (+3).
   It protects you from fire.
   It protects you from cold.
   It protects you from poison.
Missiles
 d - 3 throwing nets (quivered)
Armour
 a - +5 gold dragon scales (worn)
 b - a +3 large shield (worn)
 c - a +0 helmet (worn)
 K - a +2 pair of gloves of strength (worn)
Jewellery
 q - a +6 ring of strength (right hand)
 H - the ring "Rapul" (left hand) {rF+ Str+7 Dex+2}
   (You found it in the Dungeon)

   [ring of protection from fire]

   It affects your strength (+7).
   It affects your dexterity (+2).
   It protects you from fire.
 J - the ring of Leucam {rPois rN+ MR+ Int+3 Stlth-}
   (You found it in the Dungeon)

   [ring of loudness]

   It affects your intelligence (+3).
   It protects you from poison.
   It protects you from negative energy.
   It affects your resistance to hostile enchantments.
   It makes you less stealthy.
Wands
 s - a wand of disintegration (7/24)
 t - a wand of iceblast (2/15)
 u - a wand of lightning (5/15)
 v - a wand of acid (5/15)
Scrolls
 k - 4 scrolls of blinking
 m - 4 scrolls of enchant armour
 y - 4 scrolls of amnesia
 B - 3 scrolls of recharging
 C - 7 scrolls of fog
 D - 5 scrolls of identify
 E - 5 scrolls of remove curse
 F - 2 scrolls of fear
 I - a scroll of brand weapon
Potions
 e - 10 potions of curing
 g - 10 potions of heal wounds
 h - 10 potions of haste
 i - 7 potions of magic
 j - 3 potions of berserk rage
 p - 2 potions of brilliance
 r - 2 potions of invisibility
 w - 4 potions of resistance
 z - 5 potions of agility
 A - 5 potions of might
Books
 L - a manual of Air Magic
Miscellaneous
 x - a lamp of fire
 G - 3 sacks of spiders
Comestibles
 f - 5 bread rations
 n - 42 fruits
 o - 4 meat rations


   Skills:
 + Level 9.3 Fighting
 + Level 13.7 Polearms
 - Level 2.6 Throwing
 + Level 8.3 Armour
 - Level 3.3 Dodging
 - Level 1.9 Stealth
 + Level 4.9 Shields
 - Level 2.1 Unarmed Combat
 + Level 5.2 Spellcasting
 + Level 11.3 Invocations
 - Level 1.9 Evocations


You had 18 spell levels left.
You knew the following spells:

 Your Spells              Type           Power        Failure   Level  Hunger
a - Apportation           Tloc           #.....       100%        1    None


Dungeon Overview and Level Annotations

Branches:
Dungeon (1/1)

Altars:
Ashenzari
Cheibriados
Dithmenos
Elyvilon
Fedhas
Gozag
Hepliaklqana
Kikubaaqudgha
Makhleb
Nemelex Xobeh
Okawaru
Qazlal
Ru
Sif Muna
Trog
Uskayaw
Vehumet
Xom
Yredelemnul
Zin
The Shining One
Beogh
Jiyva
Lugonu

Annotations:
D 1 transporter


Innate Abilities, Weirdness & Mutations

You have very sharp fingernails.
A weak demonic guardian rushes to your aid.
You are slightly more attuned to the shadows.


Message History

You have reached level 10!
Your demonic ancestry asserts itself...
Your fingernails sharpen.
You destroy the mummy!
Cheibriados appreciates the change of pace.
You destroy the mummy!
Cheibriados appreciates the change of pace.
You feel somewhat more hungry.
You feel sick.
The ushabti shakes and rattles.
The vile air hits you! You block the guardian mummy's attack.
You block the ushabti's attack.
The ushabti shakes and rattles.
The vile air hits the ushabti.
The vile air hits you!
Unknown command.
You can feel time thicken for a moment.
You destroy the guardian mummy!
Cheibriados appreciates the change of pace.
You feel extremely nervous for a moment...
You convulse helplessly as pain tears through your body!
You die...

▓...8©8...▓..8©8..▓
▓..|==:)..▓..)=)..▓
▓...|=:...▓...})..▓
▓.........▓.......▓
▓.........▓.......▓
▓.........▓.......▓
▓..8......▓.......▓
▓..8......▓†▓...▓.▓
▓..@......▓.†.....▓
▓▓▓▓▓▓▓▓▓▓▓▓▓▓▓▓▓▓▓


You could see 2 ushabtiu.

Vanquished Creatures
  A wolf spider (D)
  A smoke demon (D)
  3 yaktaurs (D)
  A guardian mummy (D)
  2 jumping spiders (D)
  3 wind drakes (D)
  A redback (D)
  2 air elementals (D)
  A water moccasin (D)
  2 insubstantial wisps (D)
  A centaur (D)
  6 scorpions (D)
  A crimson imp (D)
  A quasit (D)
  An orc priest (D)
  2 orc wizards (D)
  4 mummies (D)
  An adder (D)
  A shadow imp (D)
  An ufetubus (D)
  3 orcs (D)
  3 ball pythons (D)
42 creatures vanquished.

Notes
Turn   | Place    | Note
-------+----------+-------------------------------------------
     0 | D        | inmateoo the Demonspawn Gladiator began the quest for the Orb.
     0 | D        | Reached XP level 1. HP: 16/16 MP: 1/1
    10 | D        | Found a blossoming altar of Fedhas.
    18 | D        | Found a hazy altar of Hepliaklqana.
    18 | D        | Found a viscous altar of Jiyva.
    18 | D        | Found an opulent altar of Gozag.
    18 | D        | Found a transporter.
    18 | D        | Found an ancient bone altar of Kikubaaqudgha.
    25 | D        | Found a corrupted altar of Lugonu.
    27 | D        | Found a burning altar of Makhleb.
    28 | D        | Found an iron altar of Okawaru.
    28 | D        | Found a stormy altar of Qazlal.
    28 | D        | Found a sparkling altar of Nemelex Xobeh.
    28 | D        | Found a sacrificial altar of Ru.
    28 | D        | Found a deep blue altar of Sif Muna.
    36 | D        | Found a bloodstained altar of Trog.
    61 | D        | Reached skill level 3 in Polearms
    61 | D        | Reached skill level 1 in Armour
    61 | D        | Reached skill level 1 in Stealth
    61 | D        | Reached skill level 1 in Shields
    61 | D        | Reached skill level 1 in Spellcasting
    61 | D        | Reached skill level 1 in Evocations
    61 | D        | Gained mutation: You are slightly more attuned to the shadows. [demonic ancestry]
    61 | D        | Reached XP level 2. HP: 23/23 MP: 1/4
    68 | D        | Became a worshipper of Cheibriados the Contemplative
    95 | D        | Entered arena 2.
    95 | D        | Noticed a crimson imp
    95 | D        | Noticed a smoke demon
    95 | D        | Found a transporter.
    97 | D        | Killed a smoke demon
    97 | D        | Reached skill level 10 in Polearms
    97 | D        | Reached XP level 3. HP: 16/28 MP: 5/5
    97 | D        | Gained mutation: A weak demonic guardian rushes to your aid. [demonic ancestry]
    97 | D        | Reached XP level 4. HP: 20/34 MP: 6/6
    97 | D        | Reached XP level 5. HP: 23/40 MP: 7/7
    97 | D        | Reached XP level 6. HP: 27/46 MP: 8/8
    97 | D        | Reached skill level 11 in Polearms
   221 | D        | Entered arena 3.
   221 | D        | Found a transporter.
   226 | D        | Reached * piety under Cheibriados
   233 | D        | Reached ** piety under Cheibriados
   249 | D        | Entered arena 4.
   249 | D        | Noticed a yaktaur
   249 | D        | Noticed a yaktaur
   249 | D        | Noticed a yaktaur
   249 | D        | Found a transporter.
   259 | D        | Killed a yaktaur
   259 | D        | Reached *** piety under Cheibriados
   259 | D        | Reached skill level 5 in Fighting
   259 | D        | Reached skill level 12 in Polearms
   259 | D        | Reached skill level 5 in Invocations
   259 | D        | Reached XP level 7. HP: 38/56 MP: 8/10
   263 | D        | Killed a yaktaur
   268 | D        | Killed a yaktaur
   268 | D        | Reached skill level 5 in Armour
   268 | D        | Gained mutation: You have sharp fingernails. [demonic ancestry]
   268 | D        | Reached XP level 8. HP: 43/65 MP: 8/13
   407 | D        | Entered arena 5.
   407 | D        | Noticed a jumping spider
   407 | D        | Noticed a jumping spider
   407 | D        | Found a transporter.
   415 | D        | Reached **** piety under Cheibriados
   419 | D        | Killed a jumping spider
   422 | D        | Killed a jumping spider
   422 | D        | Reached skill level 13 in Polearms
   480 | D        | Got the ring "Rapul" {rF+ Str+7 Dex+2}
   533 | D        | Entered arena 6.
   533 | D        | Found a transporter.
   535 | D        | Reached ***** piety under Cheibriados
   551 | D        | Got the ring of Leucam {rPois rN+ MR+ Int+3 Stlth-}
   558 | D        | Learned a level 1 spell: Apportation
   559 | D        | Entered arena 7.
   567 | D        | Reached ****** piety under Cheibriados
   578 | D        | Found a transporter.
   595 | D        | Entered arena 8.
   595 | D        | Noticed a wolf spider
   600 | D        | Reached XP level 9. HP: 66/74 MP: 16/16
   605 | D        | Killed a wolf spider
   605 | D        | Reached skill level 10 in Invocations
   622 | D        | Found a transporter.
   635 | D        | Entered arena 9.
   635 | D        | Noticed a wind drake
   636 | D        | Noticed a wind drake
   636 | D        | Noticed a wind drake
   643 | D        | Killed a wind drake
   645 | D        | Killed a wind drake
   648 | D        | Killed a wind drake
   651 | D        | Found a transporter.
   671 | D        | Entered arena 10.
   672 | D        | Noticed a guardian mummy
   672 | D        | Noticed a guardian mummy
   673 | D        | Found a transporter.
   683 | D        | Killed a guardian mummy
   683 | D        | Reached skill level 5 in Spellcasting
   683 | D        | Gained mutation: You have very sharp fingernails. [demonic ancestry]
   683 | D        | Reached XP level 10. HP: 26/79 MP: 12/18
   684 | D        | Killed by a guardian mummy's death curse

Skill      XL: |  1  2  3  4  5  6  7  8  9 |
---------------+----------------------------+-----
Polearms       | 3 10 12 13 | 13.7
Throwing       | 2 |  2.6
Armour         | 1 4 5 6 8 |  8.3
Dodging        | 3 |  3.3
Stealth        | 1 |  1.9
Shields        | 1 2 4 |  4.9
Unarmed Combat | 2 |  2.1
Spellcasting   | 1 2 5 |  5.2
Evocations     | 1 |  1.9
Fighting       | 5 6 8 9 |  9.3
Invocations    | 5 7 9 11 | 11.3

Action                   |  1- 3 |  4- 6 |  7- 9 | 10-12 || total
-------------------------+-------+-------+-------+-------++-------
Melee: Lance             |       |    18 |    83 |       ||   101
Invok: Slouch            |       |       |     2 |     1 ||     3
Evoke: Wand              |     1 |     1 |     1 |       ||     3
  Use: Potion            |     1 |       |       |       ||     1
Armor: Gold dragon scale |       |     6 |    37 |     2 ||    45
Dodge: Dodged            |       |     1 |     3 |       ||     4
Block: Large shield      |       |    10 |    70 |     2 ||    82
